cohdb
Replays
Latest Replays
All Replays
Popular Replays
Top Player Replays
Match Explorer
How It Works
Community
CoH3 Stats
Reddit
Sign in to upload your games and track your stats! →
Sign in with Steam
Match 39840208
Unlisted
Match 39840208
Overview
Messages
Build Orders
End
Construct Infanterie Kompanie
Selects Italian Coastal Battlegroup
Selects Coastal Reserves
Coastal Reserve
Coastal Reserve
GrW 34 Mortar Team
Coastal Reserve
Construct Luftwaffe Kompanie
Medical Bunker
Support Elements
Coastal Reserve
Selects Support Bunkers
Wirbelwind Flakpanzer
Marder III M Tank Destroyer
Pioneer Squad
Luftwaffe Officer Quarters
Marder III M Tank Destroyer
MG 42 Machine Gun Team
Wirbelwind Flakpanzer
Coastal Reserve
Pioneer Squad
MG 42 Machine Gun Team
Coastal Reserve
Infanterie Officer Quarters
MG 42 Machine Gun Team
Construct Panzer Kompanie
Panzer IV Medium Tank
Selects Artillery Officer
Selects Coastal Wall
Selects Rapid Fortifications
Selects Bulwark
Marder III M Tank Destroyer
Pioneer Squad
Marder III M Tank Destroyer
KoalaImpala
Tanith's Finest
GoLdenCoBRaaa
Eso Rimmer
0
0
Comments
sign in to comment!
No comments posted yet!